TOP OF THE 1ST |
Binghamton Mets batting - Pitching for Hartford Yard Goats : RHP Zach Sommer
|
Pitching: RHP Zach Sommer
|
|
Batting: RHB Oscar Bravo
|
0-0: Called Strike 0-1: Called Strike 0-2: Foul Ball, location: 2F 0-2: Strikes out swinging, 2-3 out at first.
|
Batting: RHB Jack Nickleberry
|
0-0: Ball 1-0: Ball 2-0: Ball 3-0: Called Strike 3-1: Base on Balls
|
Batting: SHB Masatoshi Akahoshi
|
0-0: Foul Ball, location: 2F 0-1: Ball 1-1: Foul Ball, location: 2F 1-2: Strikes out swinging
|
Batting: RHB Chris Artz
|
0-0: Called Strike 0-1: Swinging Strike 0-2: Strikes out swinging
|
Top of the 1st over - 0 runs, 0 hits, 0 errors, 1 left on base; Binghamton 0 - Hartford 0 |
BOTTOM OF THE 1ST |
Hartford Yard Goats batting - Pitching for Binghamton Mets : RHP Jose Lara
|
Pitching: RHP Jose Lara
|
|
Batting: RHB Zach Sommer
|
0-0: Called Strike 0-1: Foul Ball, location: 2F 0-2: Foul Ball, location: 2F 0-2: Ball 1-2: Ground out 5-3 (Groundball, 56, EV 79.4 MPH)
|
Batting: LHB Roy Riess
|
0-0: Called Strike 0-1: Called Strike 0-2: Foul Ball, location: 2F 0-2: Fly out, F9 (Flyball, 9LS, EV 90.0 MPH)
|
Batting: LHB Chris Salim
|
0-0: Ball 1-0: Foul Ball, location: 2F 1-1: Foul Ball, location: 2F 1-2: Ball 2-2: SOLO HOME RUN (Flyball, 9D, EV 94.4 MPH), Distance : 371 ft
|
Batting: LHB Eric Ludwig
|
0-0: Called Strike 0-1: Ball 1-1: Ground out U3 (Groundball, 3S, EV 80.6 MPH)
|
Bottom of the 1st over - 1 run, 1 hit, 0 errors, 0 left on base; Binghamton 0 - Hartford 1 |
TOP OF THE 2ND |
Binghamton Mets batting - Pitching for Hartford Yard Goats : RHP Zach Sommer
|
Batting: SHB Keith Casner
|
0-0: Foul Ball, location: 2F 0-1: Ball 1-1: Called Strike 1-2: Ground out 5-3 (Groundball, 5L, EV 83.8 MPH)
|
Batting: RHB Mike Hanks
|
0-0: Ball 1-0: Ball 2-0: Ball 3-0: Base on Balls
|
Batting: RHB Jim Freels
|
0-0: Called Strike 0-1: Foul Ball, location: 2F 0-2: Ball Wild Pitch! Mike Hanks to second 1-2: Ball 2-2: Ground out 6-3 (Groundball, 6, EV 83.8 MPH)
|
Batting: RHB Brian Bonin
|
0-0: Fly out, F8 (Line Drive, 8LD, EV 95.0 MPH)
|
Top of the 2nd over - 0 runs, 0 hits, 0 errors, 1 left on base; Binghamton 0 - Hartford 1 |
BOTTOM OF THE 2ND |
Hartford Yard Goats batting - Pitching for Binghamton Mets : RHP Jose Lara
|
Batting: LHB Chris Raymond
|
0-0: Swinging Strike 0-1: Ball 1-1: SINGLE (Groundball, 56, EV 107.5 MPH)
|
Batting: RHB Matt Fabre
|
0-0: Ball 1-0: Ball 2-0: Ball Passed Ball! Chris Raymond to second 3-0: Called Strike 3-1: Foul Ball, location: 2F 3-2: Foul Ball, location: 2F 3-2: Ground out 1-3 (Groundball, 34S, EV 67.5 MPH) Chris Raymond to third
|
Batting: RHB Mike Manchester
|
0-0: Ball 1-0: Swinging Strike 1-1: Ball 2-1: Ball 3-1: Foul Ball, location: 2F 3-2: Strikes out swinging
|
Batting: RHB Josh Martin
|
0-0: Swinging Strike 0-1: Ball 1-1: Ground out U3 (Groundball, 3, EV 92.5 MPH)
|
Bottom of the 2nd over - 0 runs, 1 hit, 0 errors, 1 left on base; Binghamton 0 - Hartford 1 |
TOP OF THE 3RD |
Binghamton Mets batting - Pitching for Hartford Yard Goats : RHP Zach Sommer
|
Batting: RHB Michael Youngberry
|
0-0: Ball 1-0: Foul Ball, location: 2F 1-1: Swinging Strike 1-2: Ball 2-2: Ball 3-2: Strikes out swinging
|
Batting: RHB Oscar Bravo
|
0-0: Called Strike 0-1: Foul Ball, location: 2F 0-2: Ball 1-2: Strikes out swinging
|
Batting: RHB Jack Nickleberry
|
0-0: Ball 1-0: Ball 2-0: Ball 3-0: Called Strike 3-1: Foul Ball, location: 2F 3-2: SINGLE (Line Drive, 8RS, EV 91.9 MPH)
|
Batting: SHB Masatoshi Akahoshi
|
0-0: Ball 1-0: Called Strike 1-1: Foul Ball, location: 2F 1-2: Strikes out swinging
|
Top of the 3rd over - 0 runs, 1 hit, 0 errors, 1 left on base; Binghamton 0 - Hartford 1 |
BOTTOM OF THE 3RD |
Hartford Yard Goats batting - Pitching for Binghamton Mets : RHP Jose Lara
|
Batting: RHB Kevin McKasson
|
0-0: Ball 1-0: Called Strike 1-1: Ground out 4-3 (Groundball, 4M, EV 85.6 MPH)
|
Batting: RHB Zach Sommer
|
0-0: Foul Ball, location: 2F 0-1: Ball 1-1: Called Strike 1-2: Ball 2-2: Ball 3-2: Strikes out swinging, 2-3 out at first.
|
Batting: LHB Roy Riess
|
0-0: Ball 1-0: Called Strike 1-1: Called Strike 1-2: Foul Ball, location: 2F 1-2: Foul Ball, location: 2F 1-2: SINGLE (Line Drive, 8LS, EV 110.0 MPH)
|
Pitching: LHP Ken Dewey
|
|
Batting: LHB Chris Salim
|
0-0: Ball 1-0: Foul Ball, location: 2F 1-1: Ball 2-1: Foul Ball, location: 2F 2-2: Fly out, F8 (Line Drive, 8RD, EV 100.6 MPH)
|
Bottom of the 3rd over - 0 runs, 1 hit, 0 errors, 1 left on base; Binghamton 0 - Hartford 1 |
TOP OF THE 4TH |
Binghamton Mets batting - Pitching for Hartford Yard Goats : RHP Zach Sommer
|
Batting: RHB Chris Artz
|
0-0: Hit by Pitch
|
Batting: SHB Keith Casner
|
0-0: Ball Wild Pitch! Chris Artz to second 1-0: Foul Ball, location: 2F 1-1: Swinging Strike 1-2: Fly out, F9 (Flyball, 9D, EV 88.8 MPH) Runner from 2nd tags up, SAFE at 3rd, no throw by RF
|
Batting: RHB Mike Hanks
|
0-0: Called Strike 0-1: Ball 1-1: Ball 2-1: Foul Ball, location: 2F 2-2: Strikes out swinging
|
Batting: RHB Jim Freels
|
0-0: Ground out 5-3 (Groundball, 5S, EV 69.4 MPH)
|
Top of the 4th over - 0 runs, 0 hits, 0 errors, 1 left on base; Binghamton 0 - Hartford 1 |
BOTTOM OF THE 4TH |
Hartford Yard Goats batting - Pitching for Binghamton Mets : LHP Ken Dewey
|
Batting: LHB Eric Ludwig
|
0-0: Swinging Strike 0-1: SINGLE (Line Drive, 4MD, EV 100.0 MPH)
|
Batting: LHB Chris Raymond
|
0-0: Ball 1-0: Ball 2-0: SINGLE (Groundball, 56D, EV 96.2 MPH) Eric Ludwig to second
|
Batting: RHB Matt Fabre
|
0-0: Called Strike 0-1: Swinging Strike 0-2: Strikes out swinging
|
Batting: RHB Mike Manchester
|
0-0: Ball 1-0: Fielders Choice at 2nd, 6-4 (Groundball, 6, EV 83.8 MPH) Eric Ludwig to third
|
Batting: RHB Josh Martin
|
0-0: Foul Ball, location: 2F 0-1: Foul Ball, location: 2F 0-2: Fielders Choice at 2nd, 6-4 (Groundball, 6, EV 81.9 MPH)
|
Bottom of the 4th over - 0 runs, 2 hits, 0 errors, 2 left on base; Binghamton 0 - Hartford 1 |
TOP OF THE 5TH |
Binghamton Mets batting - Pitching for Hartford Yard Goats : RHP Zach Sommer
|
Batting: RHB Brian Bonin
|
0-0: Ball 1-0: Ball 2-0: Fly out, F8 (Flyball, 8RD, EV 98.8 MPH)
|
Batting: RHB Michael Youngberry
|
0-0: Ball 1-0: Ball 2-0: Called Strike 2-1: Ball 3-1: Base on Balls
|
Batting: RHB Oscar Bravo
|
0-0: Grounds into double play, 4-6-3 (Groundball, 4, EV 81.9 MPH)
|
Top of the 5th over - 0 runs, 0 hits, 0 errors, 0 left on base; Binghamton 0 - Hartford 1 |
BOTTOM OF THE 5TH |
Hartford Yard Goats batting - Pitching for Binghamton Mets : LHP Ken Dewey
|
Batting: RHB Kevin McKasson
|
0-0: Swinging Strike 0-1: Ball 1-1: Called Strike 1-2: Ball 2-2: Foul Ball, location: 2F 2-2: Ball 3-2: Fly out, F8 (Line Drive, 8RD, EV 91.2 MPH)
|
Batting: RHB Zach Sommer
|
0-0: Ball 1-0: Called Strike 1-1: Called Strike 1-2: Strikes out looking
|
Batting: LHB Roy Riess
|
0-0: SINGLE (Groundball, 34D, EV 97.5 MPH)
|
Batting: LHB Chris Salim
|
0-0: Called Strike 0-1: Ball 1-1: Foul Ball, location: 2F 1-2: Foul Ball, location: 2F 1-2: Ground out 4-3 (Groundball, 34, EV 86.2 MPH)
|
Bottom of the 5th over - 0 runs, 1 hit, 0 errors, 1 left on base; Binghamton 0 - Hartford 1 |
TOP OF THE 6TH |
Binghamton Mets batting - Pitching for Hartford Yard Goats : RHP Zach Sommer
|
Batting: RHB Jack Nickleberry
|
0-0: Ball 1-0: Ball 2-0: Called Strike 2-1: Ball 3-1: Foul Ball, location: 2F 3-2: Strikes out swinging
|
Batting: SHB Masatoshi Akahoshi
|
0-0: Ball 1-0: Called Strike 1-1: Swinging Strike 1-2: Strikes out swinging
|
Batting: RHB Chris Artz
|
0-0: Called Strike 0-1: Fly out, F3 (Popup, 3L, EV 59.4 MPH)
|
Top of the 6th over - 0 runs, 0 hits, 0 errors, 0 left on base; Binghamton 0 - Hartford 1 |
BOTTOM OF THE 6TH |
Hartford Yard Goats batting - Pitching for Binghamton Mets : LHP Ken Dewey
|
Batting: LHB Eric Ludwig
|
0-0: Ball 1-0: Reached on error, E7 (Flyball, 78M, EV 86.2 MPH)
|
Pitching: LHP Brad Harris
|
|
Batting: LHB Chris Raymond
|
0-0: Called Strike Eric Ludwig is caught stealing 2nd base 2-6 0-1: Foul Ball, location: 2F 0-2: Strikes out looking
|
Batting: RHB Matt Fabre
|
0-0: Ball 1-0: SINGLE (Groundball, 56S, EV 61.2 MPH) (infield hit)
|
Batting: RHB Mike Manchester
|
0-0: Ball 1-0: Ball 2-0: Ball 3-0: Fly out, F9 (Flyball, 89S, EV 93.1 MPH)
|
Bottom of the 6th over - 0 runs, 1 hit, 1 error, 1 left on base; Binghamton 0 - Hartford 1 |
TOP OF THE 7TH |
Binghamton Mets batting - Pitching for Hartford Yard Goats : RHP Zach Sommer
|
Batting: SHB Keith Casner
|
0-0: Foul Ball, location: 2F 0-1: Ball 1-1: Ball 2-1: Ball 3-1: Ground out 4-3 (Groundball, 4D, EV 100.6 MPH)
|
Pitching: RHP Luis Castillo
|
|
Batting: RHB Mike Hanks
|
0-0: Ball 1-0: Foul Ball, location: 2F 1-1: Foul Ball, location: 2F 1-2: Ball 2-2: Foul Ball, location: 2F 2-2: Reached on error, E3 (Flyball, 3D, EV 89.4 MPH)
|
Batting: RHB Jim Freels
|
0-0: Ball 1-0: Ball 2-0: Ball 3-0: Called Strike 3-1: Fielders Choice at 2nd, 4-6 (Groundball, 4, EV 88.1 MPH)
|
Batting: RHB Brian Bonin
|
0-0: Ball 1-0: Swinging Strike 1-1: Ball 2-1: Called Strike 2-2: Ground out 1-3 (Groundball, 34S, EV 70.0 MPH)
|
Top of the 7th over - 0 runs, 0 hits, 1 error, 1 left on base; Binghamton 0 - Hartford 1 |
BOTTOM OF THE 7TH |
Hartford Yard Goats batting - Pitching for Binghamton Mets : LHP Brad Harris
|
Batting: RHB Josh Martin
|
0-0: Ball 1-0: Foul Ball, location: 2F 1-1: Ball 2-1: Ball 3-1: Base on Balls
|
Batting: RHB Kevin McKasson
|
0-0: Sac Bunt to 25 - play at first, batter OUT! 5-3 Josh Martin to second
|
Batting: RHB Zach Sommer
|
0-0: SINGLE (Flyball, 5D, EV 91.2 MPH) Josh Martin to third
|
Batting: LHB Roy Riess
|
0-0: Called Strike 0-1: Ball 1-1: Ball 2-1: Foul Ball, location: 2F 2-2: Strikes out looking
|
Batting: LHB Chris Salim
|
0-0: Fly out, F7 (Line Drive, 7, EV 104.4 MPH)
|
Bottom of the 7th over - 0 runs, 1 hit, 0 errors, 2 left on base; Binghamton 0 - Hartford 1 |
TOP OF THE 8TH |
Binghamton Mets batting - Pitching for Hartford Yard Goats : RHP Luis Castillo
|
Batting: RHB Michael Youngberry
|
0-0: Foul Ball, location: 2F 0-1: Called Strike 0-2: Ground out 6-3 (Groundball, 6, EV 101.2 MPH)
|
Batting: RHB Oscar Bravo
|
0-0: Ball 1-0: Ground out 6-3 (Groundball, 6, EV 101.9 MPH)
|
Batting: RHB Jack Nickleberry
|
0-0: Called Strike 0-1: SINGLE (Line Drive, 78M, EV 104.4 MPH)
|
Batting: SHB Masatoshi Akahoshi
|
0-0: Called Strike 0-1: Ball 1-1: Foul Ball, location: 2F 1-2: Ball 2-2: Strikes out swinging
|
Top of the 8th over - 0 runs, 1 hit, 0 errors, 1 left on base; Binghamton 0 - Hartford 1 |
BOTTOM OF THE 8TH |
Hartford Yard Goats batting - Pitching for Binghamton Mets : LHP Brad Harris
|
Pitching: RHP Amare Golden
|
|
Batting: LHB Eric Ludwig
|
0-0: Foul Ball, location: 2F 0-1: Ground out U3 (Groundball, 3, EV 76.9 MPH)
|
Batting: LHB Chris Raymond
|
0-0: Called Strike 0-1: Ball 1-1: Ball 2-1: Foul Ball, location: 2F 2-2: Ground out U3 (Groundball, 3L, EV 105.0 MPH)
|
Batting: RHB Matt Fabre
|
0-0: Ball 1-0: Foul Ball, location: 2F 1-1: Ball 2-1: TRIPLE (Flyball, 78XD, EV 113.8 MPH)
|
Batting: RHB Mike Manchester
|
0-0: Ball 1-0: Called Strike 1-1: Ball 2-1: Swinging Strike 2-2: Strikes out swinging
|
Bottom of the 8th over - 0 runs, 1 hit, 0 errors, 1 left on base; Binghamton 0 - Hartford 1 |
TOP OF THE 9TH |
Binghamton Mets batting - Pitching for Hartford Yard Goats : RHP Luis Castillo
|
Pitching: RHP Jim Butler
|
|
Now at 2B: Eric Zacher
|
|
Now in CF: Joe Miller
|
|
Batting: RHB Chris Artz
|
0-0: Ground out 6-3 (Groundball, 6, EV 83.1 MPH)
|
Batting: SHB Keith Casner
|
0-0: Called Strike 0-1: Foul Ball, location: 2F 0-2: Ball 1-2: Foul Ball, location: 2F 1-2: Strikes out swinging
|
Batting: RHB Mike Hanks
|
0-0: Ball 1-0: Foul Ball, location: 2F 1-1: Ground out U3 (Groundball, 3, EV 104.4 MPH)
|
Top of the 9th over - 0 runs, 0 hits, 0 errors, 0 left on base; Binghamton 0 - Hartford 1 |
|